 Dungeon Crawl Stone Soup version 0.28-a0-863-g8cecda6153 (webtiles) character file.

Game seed: 9729527019554929158

7134 Zonian the Artisan of Death (level 10, -5/83 HPs)
             Began as a Demonspawn Gladiator on Nov 16, 2021.
             Was a Priest of Kikubaaqudgha.
             Slain by a catoblepas (12 damage)
             ... on level 9 of the Dungeon.
             The game lasted 00:26:47 (13648 turns).

Zonian the Artisan of Death (Demonspawn Gladiator) Turns: 13648, Time: 00:26:47

Health: -5/83      AC: 16    Str: 18    XL:     10   Next: 85%
Magic:  18/18      EV: 17    Int: 11    God:    Kikubaaqudgha [***...]
Gold:   509        SH:  0    Dex: 17    Spells: 15/19 levels left

rFire   + . .      SeeInvis +   o - +5 hand axe of Ofaolyr {vamp, Str+4}
rCold   . . .      Faith    .   (no shield)
rNeg    . . .      Spirit   .   r - +2 scale mail "Weam" {rF+}
rPois   .          Reflect  .   w - +2 hat
rElec   .          Harm     .   k - +1 cloak
rCorr   .          Rampage  .   (gloves unavailable)
Will    +....                   (no boots)
Stlth   ++........              (no amulet)
HPRegen 0.23/turn               t - ring of see invisible
MPRegen 0.16/turn               G - ring of willpower

@: agile
A: molten scales 2, powered by pain 1, robust 1, demonic touch 3
a: Renounce Religion, Receive Corpses


You were on level 9 of the Dungeon.
You worshipped Kikubaaqudgha.
Kikubaaqudgha was most pleased with you.
You visited 1 branch of the dungeon, and saw 9 of its levels.

You collected 509 gold pieces.

Inventory:

Hand Weapons
 a - a +1 trident
 l - a +3 dagger of venom
 m - a +1 mace of protection
 n - a +0 scimitar
 o - the +5 hand axe of Ofaolyr (weapon) {vamp, Str+4}
   (You found it on level 5 of the Dungeon)

   It occasionally heals its wielder for a portion of the damage dealt when it
   wounds a living foe.
   Str:       It affects your strength (+4).
 v - a +1 long sword of flaming
Missiles
 j - a curare-tipped dart (quivered)
Armour
 b - a +0 leather armour
 c - a +0 helmet
 k - a +1 cloak (worn)
 p - +0 steam dragon scales
 r - the +2 scale mail "Weam" (worn) {rF+}
   (You found it on level 6 of the Dungeon)

   rF:        It protects you from fire.
 w - a +2 hat (worn)
 D - a +0 buckler
Jewellery
 s - a ring of fire
 t - a ring of see invisible (left hand)
 x - a ring of fire
 G - a ring of willpower (right hand)
Wands
 y - a wand of polymorph (19)
 A - a wand of acid (4)
 H - a wand of flame (29)
Scrolls
 d - a scroll of amnesia
 f - 5 scrolls of teleportation
 g - 3 scrolls of enchant armour
 q - a scroll of fog
Potions
 e - 4 potions of flight
 h - 2 potions of mutation
 i - 2 potions of attraction
 u - a potion of ambrosia
 z - a potion of brilliance {unknown}
 B - a potion of magic {unknown}
 C - a potion of curing
 F - 2 potions of might


   Skills:
 + Level 6.1 Fighting
 + Level 4.4(5.9) Axes
 - Level 6.1(6.8) Polearms
 - Level 4.0 Throwing
 - Level 4.0 Armour
 + Level 6.2 Dodging
 + Level 5.4 Stealth
 + Level 5.4 Spellcasting
 + Level 6.8 Necromancy


You had 15 spell levels left.
You knew the following spells:

 Your Spells              Type           Power      Damage    Failure   Level
a - Animate Skeleton      Necr           36%        N/A       3%          1
b - Vampiric Draining     Necr           18%        2d7       11%         3

Your spell library contained the following spells:

 Spells                   Type           Power      Damage    Failure   Level
 Pain                     Necr           72%        1d7       3%          1
 Sublimation of Blood     Necr           18%        N/A       5%          2
 Corpse Rot               Necr/Air       20%        N/A       22%         2
 Dispel Undead            Necr           18%        3d11      36%         4
 Beastly Appendage        Tmut           4%         N/A       52%         1
 Poisonous Vapours        Pois/Air       4%         N/A       67%         2
 Wereblood                Tmut           2%         N/A       67%         2
 Agony                    Necr           18%        N/A       71%         5
 Excruciating Wounds      Necr           9%         N/A       71%         5
 Spider Form              Tmut/Pois      2%         N/A       88%         3
 Borgnjor's Vile Clutch   Necr/Erth      5%         N/A       99%         5
 Simulacrum               Ice/Necr       5%         N/A       100%        6
 Summon Hydra             Summ           1%         N/A       100%        7


Dungeon Overview and Level Annotations

Branches:
Dungeon (9/15)             Temple (0/1) D:4
   Lair: D:8-11         Orc: D:9-12

Altars:
Ashenzari
Cheibriados
Fedhas
Hepliaklqana
Kikubaaqudgha
Qazlal
Ru
Vehumet
Yredelemnul
Zin
The Shining One

Shops:
D:3 =


Innate Abilities, Weirdness & Mutations

You are mostly covered in molten scales. (AC +3)
You sometimes gain a little power by taking damage.
You are robust. (+10% HP)
Your touch may irresistibly damage your foes and sap their willpower.


Message History

You feel much better. The catoblepas gores you!
Unknown command.
You hit the catoblepas.
You touch the catoblepas!
You sap its willpower!
The catoblepas is heavily wounded.
You hit the cyclops. The cyclops closely misses you.
Unknown command.
You hit the catoblepas.
You feel better.
You touch the catoblepas!
You sap its willpower!
The catoblepas is severely wounded.
You hit the cyclops but do no damage. The catoblepas gores you!
The cyclops closely misses you.
Unknown command.
You hit the catoblepas.
You feel better.
The catoblepas is severely wounded.
You hit the cyclops.
The catoblepas is no longer moving slowly.
The catoblepas breathes a plume of calcifying dust at you.
The blast of calcifying dust hits you but does no damage.
The cyclops barely misses you.
Unknown command.
Aiming: Corrosive Bolt
Press: ? - help, Shift-Dir - straight line, f/p - catoblepas
Aim: a catoblepas (severely wounded, poisoned, weak-willed, 100% to hit)
The bolt of acid hits the catoblepas but does no damage.
The catoblepas is severely wounded.
The bolt of acid hits the cyclops!
The acid corrodes the cyclops!
The cyclops is heavily wounded.
The catoblepas misses you.
The cyclops is engulfed in calcifying dust.
The cyclops is moving more slowly.
The catoblepas gores you!
* * * LOW HITPOINT WARNING * * *
Unknown command.
The catoblepas gores you!
* * * LOW HITPOINT WARNING * * *
Unknown command.
You hit the catoblepas.
The catoblepas is severely wounded.
The catoblepas gores you!
You die...
Kikubaaqudgha rasps: "You have failed me!
Welcome... death!"

#################################
.....)....................>......
....#†....###..#..#........##....
....#.....# #..#..#..#.....##..##
...>#..#..###..#..#........##..##
...............§.................
............###§....#############
##.....#....# #...#.#
##.....#....# #.@.#.#
....#.......# +CY.#.#
............# #.....###
....######### #........ ....#
####.........# ....#
#.......#....# ..#.#
#Y##.......... ....#
#.#.>......... #####
#..#.#.#######


You could see a catoblepas (poisoned, weak-willed) and a cyclops (petrifying,
corroded).

Vanquished Creatures
  A boulder beetle (D:6)
  3 two-headed ogres
  Maggie (D:6)
  2 hornets
  Sigmund (D:2)
  A steam dragon (D:9)
  Menkaure (D:4)
  Edmund (D:6)
  An acid dragon (D:9)
  Duvessa (D:4)
  3 sky beasts
  A black bear (D:6)
  3 necrophages
  An orc warrior (D:8)
  3 ogres
  4 centaurs
  A phantom (D:5)
  Blork the orc (D:4)
  2 bullfrogs (D:6)
  6 scorpions
  A water moccasin zombie (D:7)
  Dowan (D:4)
  5 killer bees (D:8)
  A howler monkey (D:9)
  2 centaur zombies
  A gnoll shaman (D:6)
  3 hounds
  A bullfrog skeleton (D:6)
  3 orc priests
  4 jellies
  Crazy Yiuf (D:4)
  A centaur skeleton (D:5)
  Jessica (D:2)
  3 iguanas
  9 orc wizards
  Natasha (thrice) (D:4)
  4 gnolls (D:8)
  8 adders
  2 shadow imps
  A white imp (D:6)
  2 adder skeletons (D:4)
  2 worms
  24 orcs
  4 ball pythons
  7 endoplasms
  A giant cockroach (D:1)
  A goblin (D:4)
  6 hobgoblins
  10 jackals
  3 kobolds
  5 quokkas
  5 bats
  2 frilled lizards
  9 rats
  A spectral orc (D:5)
175 creatures vanquished.

Vanquished Creatures (others)
  A plant (D:1)
1 creature vanquished.

Grand Total: 176 creatures vanquished

Notes
Turn   | Place    | Note
-------+----------+-------------------------------------------
     0 | D:1      | Zonian the Demonspawn Gladiator began the quest for the
                  | Orb.
     0 | D:1      | Reached XP level 1. HP: 16/16 MP: 1/1
   118 | D:1      | Gained mutation: Your touch may inflict minor irresistible
                  | damage on your foes. [demonic ancestry]
   118 | D:1      | Reached XP level 2. HP: 22/22 MP: 2/2
   967 | D:1      | Found a faded altar of an unknown god.
  1087 | D:1      | Prayed at the altar of an unknown god.
  1087 | D:1      | Became a worshipper of Kikubaaqudgha
  1087 | D:1      | Reached * piety under Kikubaaqudgha
  1087 | D:1      | Received a gift from Kikubaaqudgha
  1090 | D:1      | Learned a level 1 spell: Animate Skeleton
  1136 | D:2      | Gained mutation: Your touch may inflict irresistible damage
                  | on your foes. [demonic ancestry]
  1136 | D:2      | Reached XP level 3. HP: 10/27 MP: 3/3
  1570 | D:2      | Reached skill level 1 in Necromancy
  1840 | D:2      | Noticed Sigmund
  1915 | D:2      | Noticed Jessica
  1939 | D:2      | Killed Jessica
  1940 | D:2      | Reached XP level 4. HP: 10/34 MP: 4/4
  2412 | D:2      | Killed Sigmund
  2413 | D:2      | Reached skill level 1 in Armour
  2413 | D:2      | Reached skill level 1 in Spellcasting
  2413 | D:2      | Gained mutation: Your touch may irresistibly damage your
                  | foes and sap their willpower. [demonic ancestry]
  2413 | D:2      | Reached XP level 5. HP: 15/39 MP: 5/7
  2856 | D:3      | Gained mutation: You sometimes gain a little power by
                  | taking damage. [demonic ancestry]
  2856 | D:3      | Reached XP level 6. HP: 26/46 MP: 8/8
  3250 | D:3      | Reached ** piety under Kikubaaqudgha
  3356 | D:3      | Found Ibiovaxy's Jewellery Shoppe.
  3368 | D:3      | Found a radiant altar of Vehumet.
  3377 | D:3      | Reached skill level 1 in Stealth
  4078 | D:4      | Noticed Duvessa
  4432 | D:4      | Found a staircase to the Ecumenical Temple.
  4464 | D:4      | Noticed Natasha
  4464 | D:4      | Noticed Menkaure
  4481 | D:4      | Reached XP level 7. HP: 45/52 MP: 10/10
  4484 | D:4      | Killed Natasha
  4775 | D:4      | Noticed Natasha
  4787 | D:4      | Killed Natasha
  4837 | D:4      | Noticed Natasha
  4838 | D:4      | Killed Menkaure
  4853 | D:4      | Killed Natasha
  4854 | D:4      | Reached skill level 5 in Polearms
  5048 | D:4      | Found a runed translucent door.
  5049 | D:4      | Noticed Crazy Yiuf
  5144 | D:4      | Noticed Dowan
  5159 | D:4      | Killed Duvessa
  5165 | D:4      | Killed Dowan
  5184 | D:4      | Noticed Blork the orc
  5189 | D:4      | Killed Blork the orc
  5413 | D:4      | Killed Crazy Yiuf
  5414 | D:4      | Gained mutation: You are partially covered in molten
                  | scales. (AC +2) [demonic ancestry]
  5414 | D:4      | Reached XP level 8. HP: 17/58 MP: 12/12
  5774 | D:5      | Entered Level 5 of the Dungeon
  5836 | D:5      | Identified the +5 hand axe of Ofaolyr {vamp, Str+4}
  6742 | D:5      | Reached skill level 1 in Axes
  6859 | D:5      | Found a basalt altar of Yredelemnul.
  6916 | D:6      | Noticed a hornet
  7500 | D:6      | Found a blossoming altar of Fedhas.
  7500 | D:6      | Found a stormy altar of Qazlal.
  7500 | D:6      | Paralysed by a hornet for 3 turns
  7501 | D:6      | Found a sacrificial altar of Ru.
  7501 | D:6      | Found a hazy altar of Hepliaklqana.
  8015 | D:6      | Noticed Edmund
  8025 | D:6      | Killed Edmund
  8837 | D:6      | Noticed a boulder beetle
  8847 | D:6      | Gained mutation: You are mostly covered in molten scales.
                  | (AC +3) [demonic ancestry]
  8847 | D:6      | Reached XP level 9. HP: 55/65 MP: 14/14
  8920 | D:6      | Killed a boulder beetle
  8921 | D:6      | Reached skill level 5 in Necromancy
  9400 | D:6      | Identified the +2 scale mail "Weam" {rF+}
  9472 | D:6      | Reached *** piety under Kikubaaqudgha
  9472 | D:6      | Received a gift from Kikubaaqudgha
  9717 | D:7      | Reached skill level 5 in Dodging
 10023 | D:7      | Noticed a two-headed ogre
 10033 | D:7      | Killed a two-headed ogre
 10034 | D:7      | Reached skill level 5 in Fighting
 10069 | D:7      | Learned a level 3 spell: Vampiric Draining
 10549 | D:7      | Gained mutation: You are robust. (+10% HP) [demonic
                  | ancestry]
 10549 | D:7      | Reached XP level 10. HP: 68/81 MP: 16/16
 10983 | D:7      | Found a broken altar of Ashenzari.
 11130 | D:6      | Found a snail-covered altar of Cheibriados.
 11143 | D:6      | Noticed Maggie
 11159 | D:6      | Killed Maggie
 11995 | D:8      | Noticed a two-headed ogre
 12010 | D:8      | Killed a two-headed ogre
 12053 | D:8      | Reached skill level 5 in Stealth
 12408 | D:8      | Reached skill level 5 in Spellcasting
 12877 | D:8      | Noticed a two-headed ogre
 12879 | D:8      | Noticed a two-headed ogre
 12993 | D:8      | Killed a two-headed ogre
 13609 | D:9      | Noticed a catoblepas
 13612 | D:9      | Noticed a cyclops
 13648 | D:9      | Slain by a catoblepas

Illustrated notes

Levels and vault maps discovered:
D:1:      roderic_octagonal_star, layout_loops_corners,
          shapermc_ecumenical_altar_mp_vishouse, serial_forest,
          infiniplex_forest_clump_curved, infiniplex_forest_lined_ring,
          infiniplex_forest_lined_room_3, infiniplex_forest_straight_1,
          infiniplex_forest_clump_long, infiniplex_forest_clump_double,
          infiniplex_forest_zigzag_2, infiniplex_forest_straight_2,
          infiniplex_forest_straight_3, infiniplex_forest_clump_small
D:2:      layout_rooms, kennysheep_jessica_study, uniq_sigmund
D:3:      layout_basic, mainiacjoe_overflow_alcove_1, nicolae_vehumet_radiance,
          serial_shops, nicolae_shop_crystal, feat_on_display
D:4:      layout_cave_pools, minmay_temple_entry_wispy, uniq_duvessa,
          uniq_menkaure, uniq_crazy_yiuf_cottage, uniq_blork_the_orc,
          uniq_natasha
D:5:      layout_cave_pools, yredelemnul_forgotten_temple_becter,
          serial_column_ruins, column_ruins_circle_medium,
          column_ruins_columns_straight, column_ruins_open_small,
          column_ruins_columns_dead_end, column_ruins_columns_T,
          column_ruins_corridor_straight, column_ruins_columns_T, minivault_25,
          chequers_serial_rivers_micro_d
D:6:      minmay_chambers_of_fours, layout_loops_cross,
          mainiacjoe_overflow_catwalk,
          chequers_temple_overflow_statue_of_worship, uniq_maggie, uniq_edmund
D:7:      layout_basic, zin_treasury, evilmike_ruin_ashenzari, minivault_10,
          hangedman_decor_riveting
D:8:      layout_loops_ring
D:9:      layout_stronghold, minmay_diamond_spiral

Skill      XL: |  1  2  3  4  5  6  7  8  9 10 |
---------------+-------------------------------+-----
Dodging        | 3 4 5 6 |  6.2
Polearms       | 3 4 5 6 |  6.1
Necromancy     | 1 2 3 4 5 6 |  6.8
Armour         | 1 2 3 4 |  4.0
Spellcasting   | 1 2 3 4 5 |  5.4
Stealth        | 1 2 3 4 5 |  5.4
Fighting       | 3 4 5 6 |  6.1
Throwing       | 2 3 4 |  4.0
Axes           | 1 3 4 |  4.4

Action                   |  1- 3 |  4- 6 |  7- 9 | 10-12 || total
-------------------------+-------+-------+-------+-------++-------
Melee: Trident           |   127 |   107 |    51 |       ||   285
       Touch             |     9 |    19 |    63 |    41 ||   132
       Hand axe          |       |       |   189 |   191 ||   380
       Dagger            |       |       |    26 |    11 ||    37
Throw: Throwing net      |       |     4 |       |       ||     4
       Dart              |       |       |    14 |     4 ||    18
 Cast: Animate Skeleton  |       |       |     3 |     2 ||     5
Evoke: Wand              |       |       |       |     3 ||     3
  Use: Scroll            |       |     9 |     7 |     3 ||    19
       Potion            |       |     1 |     3 |     1 ||     5
 Stab: Sleeping          |     3 |     3 |     2 |     2 ||    10
       Held in net/web   |       |     3 |       |       ||     3
       Distracted        |       |       |       |     1 ||     1
Armor: Leather armour    |    38 |    19 |    58 |       ||   115
       Scale mail        |       |       |    29 |    93 ||   122
Dodge: Dodged            |    68 |    60 |   148 |   151 ||   427

Table legend: (Time is in decaauts)
 A = Elapsed time spent in this place.
 B = Non-inter-level travel time spent in this place.
 C = Inter-level travel time spent in this place.
 D = Time resting spent in this place.
 E = Time spent auto-exploring this place.
 F = Levels seen in this place.
 G = Mean time per level.
                   A        B        C        D        E       F      G
               +--------+--------+--------+--------+--------+-----+--------+
         Total |  13708 |  13350 |    358 |   5713 |   5053 |   9 | 1523.1 |
       Dungeon |  13708 |  13350 |    358 |   5713 |   5053 |   9 | 1523.1 |
               +--------+--------+--------+--------+--------+-----+--------+

Top non-repeatable levels by time:
     D:6: 3165 daAuts
     D:7: 1779 daAuts
     D:4: 1593 daAuts
     D:3: 1569 daAuts
     D:2: 1395 daAuts
     D:1: 1374 daAuts
     D:8: 1353 daAuts
     D:5: 1136 daAuts
     D:9: 341 daAuts
